 Dungeon Crawl Stone Soup version 0.29.1-1-gd02db6906a (webtiles) character file.

Game seed: 5449880939680314302

12 vvl the Chiller (level 2, 0/22 HPs)
             Began as a Ghoul Ice Elementalist on Sept 27, 2022.
             Slain by a goblin
             ... wielding a +0 dagger
              (3 damage)
             ... on level 1 of the Dungeon.
             The game lasted 00:00:53 (170 turns).

vvl the Chiller (Ghoul Ice Elementalist)             Turns: 170, Time: 00:00:53

Health: 0/22       AC:  2    Str: 11    XL:     2   Next: 33%
Magic:  3/3        EV: 12    Int: 10    God:
Gold:   4          SH:  0    Dex:  9    Spells: 3/4 levels left

rFire   . . .      SeeInvis .   d - +0 short sword (venom)
rCold   + . .      Faith    .   (no shield)
rNeg    + + +      Spirit   .   a - +0 robe
rPois   ∞          Reflect  .   (no helmet)
rElec   .          Harm     .   (no cloak)
rCorr   .          Rampage  .   (no gloves)
Will    .....                   (no boots)
Stlth   ++........              (no amulet)
HPRegen 0.00/turn               (no ring)
MPRegen 0.08/turn               (no ring)

@: inhibited regen
A: claws 1, cold resistance 1, negative energy resistance 3, inhibited
regeneration, torment resistance 2, devour on kill
a: no special abilities


You were on level 1 of the Dungeon.
You visited 1 branch of the dungeon, and saw 1 of its levels.

You collected 4 gold pieces.

Inventory:

Hand Weapons
 d - a +0 short sword of venom (weapon)
Armour
 a - a +0 robe (worn)
Scrolls
 c - a scroll of teleportation {unknown}
 e - a scroll of identify {unknown}
Potions
 b - a potion of magic
 f - a potion of resistance {unknown}


   Skills:
 + Level 0.6 Fighting
 + Level 1.9 Dodging
 - Level 2.1 Stealth
 + Level 1.9 Spellcasting
 + Level 0.3 Conjurations
 + Level 4.4 Ice Magic
 + Level 0.6 Earth Magic


You had 3 spell levels left.
You knew the following spells:

 Your Spells              Type           Power      Damage    Failure   Level
a - Freeze                Ice            36%        1d6       4%          1

Your spell library contained the following spells:

 Spells                   Type           Power      Damage    Failure   Level
 Frozen Ramparts          Ice            18%        1d3       16%         3
 Ozocubu's Armour         Ice            9%         N/A       16%         3
 Hailstorm                Conj/Ice       5%         3d4       75%         4


Dungeon Overview and Level Annotations

Branches:
Dungeon (1/15)

Altars:


Innate Abilities, Weirdness & Mutations

You are immune to poison.
You have sharp fingernails.
Your flesh is cold resistant. (rC+)
You are immune to negative energy. (rN+++)
You do not regenerate when monsters are visible.
You are immune to unholy pain and torment.
You thrive by killing the living.


Message History

You hit the hobgoblin.
The hobgoblin is moderately wounded.
The hobgoblin hits you. The jackal bites you.
You hit the hobgoblin but do no damage.
The hobgoblin looks even sicker.
The hobgoblin is moderately wounded.
You kill the hobgoblin!
You feel better.
You hit the jackal but do no damage.
The jackal is poisoned.
The jackal barely misses you. x2; The jackal bites you.
You hit the jackal.
You kill the jackal!
You feel better. The jackal bites you.
You hit the jackal.
The jackal is almost dead.
The jackal bites you. The jackal completely misses you. The jackal bites you.
You hit the jackal but do no damage.
The jackal is poisoned.
The jackal is almost dead.
You kill the jackal!
You feel better. The jackal barely misses you.
You hit the goblin.
The goblin is poisoned.
The goblin is moderately wounded.
The jackal bites you. x2; The goblin hits you with a +0 dagger.
You are too injured to fight recklessly!
You are too injured to fight recklessly!
You are too injured to fight recklessly!
You are too injured to fight recklessly!
Unknown command.
You hit the jackal.
The jackal is poisoned.
The jackal is heavily wounded.
You kill the jackal!
The goblin hits you with a +0 dagger.
* * * LOW HITPOINT WARNING * * *
The goblin hits you with a +0 dagger.
* * * LOW HITPOINT WARNING * * *
The goblin barely misses you. The goblin attacks as you move away!
The goblin closely misses you.
You hit the goblin but do no damage.
The goblin looks even sicker.
The goblin is severely wounded.
The goblin hits you with a +0 dagger.
You die...

## #### #.. ..#
######### #...###!#
#.......#
.#.......######.......#
.
........g@............+
..
.##....###..###.......#
#.
#.......(####.......###.
#..........##..)....#...
#...##.###..........#...
.....
#.....#.......>#...
......
####....##.#####...
...... #######.# ##...
##.# #..#.


You could see a goblin (very poisoned).

Vanquished Creatures
  A dart slug (D:1)
  A ball python (D:1)
  A goblin (D:1)
  2 hobgoblins (D:1)
  3 jackals (D:1)
8 creatures vanquished.

Notes
Turn   | Place    | Note
-------+----------+-------------------------------------------
     0 | D:1      | vvl the Ghoul Ice Elementalist began the quest for the Orb.
     0 | D:1      | Reached XP level 1. HP: 14/14 MP: 2/2
   155 | D:1      | Reached XP level 2. HP: 21/22 MP: 3/3
   170 | D:1      | Slain by a goblin

Illustrated notes

Levels and vault maps discovered:
D:1:      denvon_arrival_waterhouse, layout_basic, minmay_misc_feat_columns

Action                   || total
-------------------------++-------
Melee: Short sword       ||    21
Armor: Robe              ||     1
Dodge: Dodged            ||    14
